 Dungeon Crawl Stone Soup version 0.27-a0-406-g23f261fbd2 (webtiles) character file.

Game seed: 4653064427529347395

42 Sonofthefire the Skirmisher (level 3, -1/26 HPs)
             Began as an Octopode Transmuter on Feb 22, 2021.
             Slain by Natasha (2 damage)
             ... on level 2 of the Dungeon.
             The game lasted 00:01:35 (1569 turns).

Sonofthefire the Skirmisher (Octopode Transmuter)   Turns: 1569, Time: 00:01:36

Health: -1/26      AC:  1    Str: 10    XL:     3   Next: 54%
Magic:  6/6        EV: 13    Int: 15    God:
Gold:   108        SH:  0    Dex: 12    Spells: 5/6 levels left

rFire    . . .     SeeInvis .     - Unarmed
rCold    . . .     Faith    .   (no shield)
rNeg     . . .     Spirit   .   (helmet currently unavailable)
rPois    .         Reflect  .   (no amulet)
rElec    .         Harm     .   (no ring)
rCorr    .         Rampage  .   (no ring)
Will     .....                  (no ring)
Stlth    ++........             (no ring)
HPRegen  0.08/turn              (no ring)
MPRegen  0.10/turn              (no ring)
                                (no ring)
                                (no ring)

@: appendages (expiring)
A: almost no armour, stealthy swim, amphibious, 8 rings, constrict 8, tentacle
spike 3, camouflage 1, gelatinous body 1
a: End Transformation


You were on level 2 of the Dungeon.
One of your tentacles had a temporary spike.
You visited 1 branch of the dungeon, and saw 3 of its levels.

You collected 108 gold pieces.

Inventory:

Scrolls
 a - a scroll of random uselessness {unknown}
Potions
 b - a potion of degeneration {unknown}
 c - a potion of ambrosia {unknown}
 d - a potion of flight {unknown}


   Skills:
 + Level 3.3 Fighting
 - Level 2.0 Dodging
 - Level 3.0 Unarmed Combat
 - Level 2.0 Spellcasting
 - Level 2.0 Transmutations


You had 5 spell levels left.
You knew the following spells:

 Your Spells              Type           Power        Failure   Level
a - Beastly Appendage     Tmut           14%          10%         1

Your spell library contained the following spells:

 Spells                   Type           Power        Failure   Level
 Wereblood                Tmut           7%           14%         2
 Spider Form              Tmut/Pois      2%           41%         3
 Ice Form                 Ice/Tmut       4%           82%         4
 Blade Hands              Tmut           3%           95%         5


Dungeon Overview and Level Annotations

Branches:
Dungeon (3/15)

Altars:
Makhleb
Uskayaw

Annotations:
D:2 Natasha


Innate Abilities, Weirdness & Mutations

You cannot wear most types of armour.
You are very stealthy in the water. (Stealth+)
You are amphibious.
You can wear up to eight rings at the same time.
You can use your tentacles to constrict eight enemies at once.
Your skin changes colour to match your surroundings (Stealth+).
Your rubbery body absorbs attacks. (AC +1, EV +1)
One of your tentacles bears a large vicious spike.


Message History

You are too injured to fight recklessly!
You are too injured to fight recklessly!
You are too injured to fight recklessly!
You are too injured to fight recklessly!
You are too injured to fight recklessly!
You are too injured to fight recklessly!
You are too injured to fight recklessly!
You are too injured to fight recklessly!
You are too injured to fight recklessly!
You are too injured to fight recklessly!
You are too injured to fight recklessly!
You are too injured to fight recklessly!
You are too injured to fight recklessly!
You are too injured to fight recklessly!
You are too injured to fight recklessly!
You tentacle-slap Natasha but do no damage.
You grab Natasha.
You constrict Natasha, but do no damage.
The crimson imp hits you. Natasha claws you!
You tentacle-slap Natasha. Your squeeze misses Natasha.
Natasha is lightly wounded.
You constrict Natasha. The crimson imp closely misses you. Natasha claws you!
* * * LOW HITPOINT WARNING * * *
You tentacle-slap Natasha.
You pierce Natasha, but do no damage.
Natasha is moderately wounded.
You constrict Natasha. You barely miss Natasha.
Natasha is moderately wounded.
You constrict Natasha. Natasha completely misses you.
The crimson imp blinks!
You tentacle-slap Natasha.
Natasha is almost dead.
You constrict Natasha, but do no damage.
Natasha stares at you and mumbles some strange words.
The magic dart hits you.
* * * LOW HITPOINT WARNING * * *
You tentacle-slap Natasha.
Natasha is almost dead.
You constrict Natasha, but do no damage.
Natasha claws you.
You die...

########†..'.#
##...#.#
#......#
#......#
######......#
#...##......#
##...##......#
#....5.......#
#.@..#########
#..h..#
_........#
#######...#
#...# #...#
#...# ##+##


You could see Natasha and a crimson imp (summoned).

Vanquished Creatures
  Robin (D:3)
  A dart slug (D:2)
  3 bats
  A giant cockroach (D:2)
  10 goblins
  3 hobgoblins
  2 jackals (D:2)
  A quokka (D:2)
  A ball python (D:1)
  A frilled lizard (D:3)
  A kobold (D:2)
  2 rats
27 creatures vanquished.

Notes
Turn   | Place    | Note
-------+----------+-------------------------------------------
     0 | D:1      | Sonofthefire the Octopode Transmuter began the quest for
                  | the Orb.
     0 | D:1      | Reached XP level 1. HP: 13/13 MP: 3/3
   343 | D:1      | Reached XP level 2. HP: 4/19 MP: 5/5
   591 | D:1      | You fall into a shaft and drop 1 floor!
   694 | D:3      | Noticed Robin
   709 | D:3      | Killed Robin
   710 | D:3      | Reached XP level 3. HP: 7/25 MP: 6/6
  1129 | D:2      | Found a hide-covered altar of Uskayaw.
  1129 | D:2      | Noticed a +0 dagger
  1129 | D:2      | Noticed a +0 hand axe
  1558 | D:2      | Noticed Natasha
  1561 | D:2      | Found a burning altar of Makhleb.
  1568 | D:2      | HP: 1/26 [Natasha/magic dart (4)]
  1569 | D:2      | Slain by Natasha

Illustrated notes

Levels and vault maps discovered:
D:1:      dpeg_arrival_erosion, layout_loops_ring
D:2:      layout_basic, dancing_weapons_uskayaw, makhleb_altar_promises_db,
          uniq_natasha
D:3:      layout_loops_corners, nicolae_overflow_hidden_temple,
          kennysheep_generic_room_10, uniq_robin

Skill      XL: |  1  2  3 |
---------------+----------+-----
Fighting       | 2 3 |  3.3
Dodging        | |  2.0
Unarmed Combat | |  3.0
Spellcasting   | |  2.0
Transmutations | |  2.0

Action                   || total
-------------------------++-------
Melee: Unarmed           ||    86
       Constrict         ||    21
       Tentacles         ||    10
       Kick              ||     4
 Cast: Beastly Appendage ||     2
 Stab: Sleeping          ||     5
Armor: Skin              ||     9
Dodge: Dodged            ||    48

Table legend: (Time is in decaauts)
 A = Elapsed time spent in this place.
 B = Non-inter-level travel time spent in this place.
 C = Inter-level travel time spent in this place.
 D = Time resting spent in this place.
 E = Time spent auto-exploring this place.
 F = Levels seen in this place.
 G = Mean time per level.
                   A        B        C        D        E       F      G
               +--------+--------+--------+--------+--------+-----+--------+
         Total |   1564 |   1564 |      0 |    834 |    523 |   3 |  521.3 |
       Dungeon |   1564 |   1564 |      0 |    834 |    523 |   3 |  521.3 |
               +--------+--------+--------+--------+--------+-----+--------+

Top non-repeatable levels by time:
     D:2: 845 daAuts
     D:1: 589 daAuts
     D:3: 129 daAuts
